 Dungeon Crawl Stone Soup version 0.23.2-1-ga50397a6bc (webtiles) character file.

Game seed: 5259466733764723130

170 Brecoman the Gusty (level 5, -1/28 HPs)
             Began as a Tengu Air Elementalist on May 31, 2019.
             Slain by an orc warrior
             ... wielding a +0 trident
              (15 damage)
             ... on level 2 of the Dungeon.
             The game lasted 00:13:30 (3179 turns).

Brecoman the Gusty (Tengu Air Elementalist)         Turns: 3179, Time: 00:13:31

Health: -1/28      AC:  2    Str:  8    XL:     5   Next: 51%
Magic:  10/11      EV: 15    Int: 16    God:
Gold:   109        SH:  0    Dex: 15    Spells: 4/11 levels left

rFire    . . .     SeeInvis .   (no weapon)
rCold    . . .     Gourm    .   (no shield)
rNeg     . . .     Faith    .   a - +0 robe
rPois    .         Spirit   .   (helmet restricted)
rElec    .         Reflect  .   (no cloak)
rCorr    .         Harm     .   (no gloves)
MR       .....                  (boots unavailable)
Stlth    ++........             (no amulet)
HPRegen  0.09/turn              (no ring)
MPRegen  0.12/turn              (no ring)

@: flying quickly and evasively, quick
A: beak, talons 3, able to fly
a: Stop Flying


You were on level 2 of the Dungeon.
You were hungry.

You visited 1 branch of the dungeon, and saw 2 of its levels.

You collected 109 gold pieces.

Inventory:

Missiles
 h - 25 stones (quivered)
Armour
 a - a +0 robe (worn)
Jewellery
 b - a cursed ring of ice {unknown}
 c - an uncursed ring of protection from fire {unknown}
Scrolls
 d - a scroll of teleportation {unknown}
 e - a scroll of random uselessness {unknown}
 g - a scroll of fog {unknown}
 k - a scroll of identify {unknown}
Potions
 i - a potion of curing {unknown}
 j - a potion of cancellation {unknown}
 m - 2 potions of agility {unknown}
Comestibles
 l - 4 rations


   Skills:
 - Level 2.1 Dodging
 - Level 2.0 Stealth
 + Level 3.5 Spellcasting
 - Level 2.3 Conjurations
 * Level 6.3 Air Magic


You had 4 spell levels left.
You knew the following spells:

 Your Spells              Type           Power        Failure   Level  Hunger
a - Shock                 Conj/Air       ###.         3%          1    None
b - Swiftness             Chrm/Air       ##......     8%          2    ##.....
c - Airstrike             Air            ###.......   13%         4    ####...

Your spell library contained the following spells:

 Spells                   Type           Power        Failure   Level  Hunger
 Static Discharge         Conj/Air       ###.....     9%          3    ###....
 Lightning Bolt           Conj/Air       ###.......   63%         5    ######.


Dungeon Overview and Level Annotations

Branches:
Dungeon (2/15)

Altars:
Xom


Innate Abilities, Weirdness & Mutations

You have a beak for a mouth.
You have claws for feet.
You can fly continuously.


Message History

The orc warrior is moderately wounded.
Casting: Shock (safe; 3% risk of failure)
Confirm with . or Enter, or press ? or * to list all spells.
Aiming: Shock (safe; 3% risk of failure)
Press: ? - help, Shift-Dir - straight line
Okay, then.
Casting: Shock (safe; 3% risk of failure)
Confirm with . or Enter, or press ? or * to list all spells.
Aiming: Shock (safe; 3% risk of failure)
Press: ? - help, Shift-Dir - straight line The zap misses the orc warrior.
The zap hits the orc warrior but does no damage.
The orc warrior is moderately wounded.
There is a stone staircase leading up here.
The orc warrior hits you with a +0 trident!
Ouch! That really hurt!
There is a stone staircase leading up, spattered with blood here.
The orc warrior hits you with a +0 trident!
Ouch! That really hurt!
You die...

## #.....# .####### #.###.#
.......##### #.###.###### ####
.###.......# #..........# #... ##
#.#.###.# #..##..###.###... #
#.#>###.# #......# #.)).... #
#..#>##.# ##......###..##...
#.###.#.# ##.....#......##...
#..#..#.# #.@o....#####.###.#
#.#.#.#.# #.........# #.# #.#
#.......# #.......#.# #.###'# #
#####.### ##.....##.###.##..< ##
##.# ##..........>#.... .## ##..#
#####.#.####.....
..####...###########....###o....#
..+.......................'....##
..####....###.######....###....##


You could see an orc warrior.

Vanquished Creatures
  2 orc wizards (D:2)
  A worker ant (D:2)
  2 gnolls (D:2)
  2 adders (D:2)
  A worm (D:2)
  4 dart slugs
  A leopard gecko (D:2)
  An orc (D:2)
  A ball python (D:2)
  5 bats
  2 giant cockroaches
  9 hobgoblins
  2 quokkas (D:2)
  4 frilled lizards
  3 goblins
  5 kobolds
  2 rats
47 creatures vanquished.

Notes
Turn   | Place    | Note
-------+----------+-------------------------------------------
     0 | D:1      | Brecoman the Tengu Air Elementalist began the quest for the
                  | Orb.
     0 | D:1      | Reached XP level 1. HP: 10/10 MP: 4/4
   481 | D:1      | Reached XP level 2. HP: 15/15 MP: 4/6
  1291 | D:2      | Reached XP level 3. HP: 15/19 MP: 3/7
  1361 | D:2      | Learned a level 2 spell: Swiftness
  1721 | D:2      | Reached skill level 5 in Air Magic
  1993 | D:2      | Found a shimmering altar of Xom.
  2081 | D:2      | Reached XP level 4. HP: 19/24 MP: 3/9
  2116 | D:2      | Learned a level 4 spell: Airstrike
  2862 | D:2      | Gained mutation: You can fly continuously. [Tengu growth]
  2862 | D:2      | Reached XP level 5. HP: 28/28 MP: 8/10
  2926 | D:2      | Noticed an orc warrior
  2970 | D:2      | Reached skill level 6 in Air Magic
  3179 | D:2      | Slain by an orc warrior

Skill      XL: |  1  2  3  4  5 |
---------------+----------------+-----
Air Magic      | 5 6 |  6.3
Spellcasting   | 3 |  3.5
Conjurations   | 2 |  2.3
Dodging        | |  2.1
Stealth        | |  2.0

Action                   |  1- 3 |  4- 6 || total
-------------------------+-------+-------++-------
Melee: Unarmed           |    13 |       ||    13
       Kick              |     6 |       ||     6
       Peck              |     3 |       ||     3
 Cast: Shock             |    55 |    52 ||   107
       Airstrike         |       |     3 ||     3
 Abil: Fly               |       |     1 ||     1
  Use: Potion            |     1 |       ||     1
  Eat: Chunk             |     1 |     3 ||     4
       Ration            |     1 |       ||     1
Armor: Robe              |     4 |     1 ||     5
Dodge: Dodged            |    16 |     7 ||    23
